 Dungeon Crawl Stone Soup version 0.22-a0-362-g535178c (webtiles) character file.

3610 Amnesiac the Reanimator (level 9, -5/57 HPs)
             Began as a Mummy Necromancer on Apr 20, 2018.
             Was an Elder of Sif Muna.
             Slain by a centaur warrior (11 damage)
             ... on level 8 of the Dungeon.
             The game lasted 00:09:59 (6741 turns).

Amnesiac the Reanimator (Mummy Necromancer)         Turns: 6741, Time: 00:10:00

Health: -5/57      AC:  8    Str: 12    XL:     9   Next: 86%
Magic:  1/22       EV: 10    Int: 17    God:    Sif Muna [****..]
Gold:   474        SH:  0    Dex: 12    Spells: 17/27 levels left

rFire    x . .     SeeInvis .   d - +0 hunting sling
rCold    + . .     Gourm    .   (no shield)
rNeg     + + +     Faith    .   g - +0 ring mail
rPois    ∞         Spirit   .   (no helmet)
rElec    .         Reflect  .   p - +0 cloak
rCorr    .         Harm     .   e - +1 pair of gloves
MR       +....                  (no boots)
Stlth    +.........             (no amulet)
HPRegen  0.19/turn              (no ring)
MPRegen  0.18/turn              (no ring)

@: no casting
A: no food or potions, fire vulnerability, cold resistance 1, negative energy
resistance 3, torment resistance, unbreathing
a: Stop Divine Energy, Channel Magic, Forget Spell, Renounce Religion


You were on level 8 of the Dungeon.
You worshipped Sif Muna.
Sif Muna was greatly pleased with you.
You were not hungry.

You visited 1 branch of the dungeon, and saw 8 of its levels.

You collected 474 gold pieces.

Inventory:

Hand Weapons
 d - a +0 hunting sling (weapon)
Missiles
 c - 309 stones (quivered)
Armour
 e - a +1 pair of gloves (worn)
 g - a +0 ring mail (worn)
 p - a +0 cloak (worn)
Wands
 n - a wand of polymorph (19)
 r - a wand of paralysis (8)
Scrolls
 a - a scroll of random uselessness {!r, unknown}
 b - 4 scrolls of teleportation {!r}
 f - a scroll of amnesia {!r}
 h - 4 scrolls of remove curse {!r}
 i - a scroll of holy word {!r, unknown}
 j - 2 scrolls of magic mapping {!r, unknown}
 k - a scroll of fog {!r}
 m - 2 scrolls of identify {!r}
 o - 2 scrolls of blinking {!r}
 q - 2 scrolls of silence {!r}
 s - 2 scrolls of enchant armour {!r, unknown}


   Skills:
 - Level 1.5 Dodging
 - Level 1.5 Stealth
 + Level 9.7 Spellcasting
 * Level 11.6 Necromancy
 + Level 3.3 Invocations


You had 17 spell levels left.
You knew the following spells:

 Your Spells              Type           Power        Failure   Level  Hunger
b - Call Imp              Summ           #.......     30%         2    N/A
d - Vampiric Draining     Necr           #####.....   1%          3    N/A
s - Conjure Flame         Conj/Fire      #.......     52%         3    N/A
v - Blink                 Tloc           N/A          30%         2    N/A

Dungeon Overview and Level Annotations

Branches:
Dungeon (8/15)             Temple (0/1) D:5            Lair (0/6) D:8

Altars:
Elyvilon
Kikubaaqudgha
Qazlal
Sif Muna


Innate Abilities, Weirdness & Mutations

You do not eat or drink.
Your flesh is vulnerable to fire.
You are immune to poison.
Your flesh is cold resistant. (rC+)
You are immune to negative energy. (rN+++)
You are immune to unholy pain and torment.
You can survive without breathing.


Message History

The stone hits the centaur warrior but does no damage.
The centaur warrior is almost dead.
The centaur warrior hits you but does no damage. x2
Firing (i - inventory)
c - 315 stones (quivered)
Press: ? - help, Shift-Dir - straight line, f/p - centaur warrior
Aim: a centaur warrior (severely wounded)
You shoot a stone. The stone hits the centaur warrior.
The centaur warrior is almost dead.
You regain access to your magic.
The centaur warrior hits you but does no damage.
The centaur warrior barely misses you.
Firing (i - inventory)
c - 314 stones (quivered)
Press: ? - help, Shift-Dir - straight line, f/p - centaur warrior
Aim: a centaur warrior (almost dead)
You shoot a stone.
The stone hits the centaur warrior but does no damage.
The centaur warrior is almost dead.
The centaur warrior hits you!
* * * LOW HITPOINT WARNING * * *
The centaur warrior hits you but does no damage.
Casting: Vampiric Draining (safe; 1% risk of failure)
Confirm with . or Enter, or press ? or * to list all spells.
Aiming: Vampiric Draining (safe; 1% risk of failure)
Press: ? - help, Shift-Dir - straight line, f/p - centaur warrior
Aim: a centaur warrior (almost dead)
The centaur warrior is almost dead.
You feel life coursing into your body. Sif Muna grants you divine energy.
You briefly lose access to your magic!
The centaur warrior hits you.
* * * LOW HITPOINT WARNING * * *
You are unable to access your magic!
You are unable to access your magic!
Firing (i - inventory)
c - 313 stones (quivered)
Press: ? - help, Shift-Dir - straight line, f/p - centaur warrior
Aim: a centaur warrior (almost dead)
You shoot a stone.
The stone hits the centaur warrior but does no damage.
The centaur warrior is almost dead.
The centaur warrior barely misses you. The centaur warrior hits you.
* * * LOW HITPOINT WARNING * * *
Firing (i - inventory)
c - 312 stones (quivered)
Press: ? - help, Shift-Dir - straight line, f/p - centaur warrior
Aim: a centaur warrior (almost dead)
You shoot a stone.
The stone closely misses the centaur warrior.
The centaur warrior hits you but does no damage. x2
Firing (i - inventory)
c - 311 stones (quivered)
Press: ? - help, Shift-Dir - straight line, f/p - centaur warrior
Aim: a centaur warrior (almost dead)
You shoot a stone.
The stone barely misses the centaur warrior.
The centaur warrior hits you!
* * * LOW HITPOINT WARNING * * *
The centaur warrior hits you.
* * * LOW HITPOINT WARNING * * *
Evoke which item? (* to show all) (? for menu, Esc to quit)
Okay, then.
Firing (i - inventory)
c - 310 stones (quivered)
Press: ? - help, Shift-Dir - straight line, f/p - centaur warrior
Aim: a centaur warrior (almost dead)
You shoot a stone.
The stone completely misses the centaur warrior.
The centaur warrior hits you!
You die...

.................#.#
.................#.########
##########.................
# ##..####.##########
######## ##.# #.#.....(..#
[......# #.####.#⌠......⌠#
.......# #....#.#†._.._..#
.......# ####.#.'⌠....(.⌠+
.......# #.@.##########
.......# ##c.# $$# ########
#..# c.# #... ## #....
#..... #(....! ########


You could see a centaur warrior.

Vanquished Creatures
  2 ugly things (D:8)
  2 hippogriffs
  Menkaure (D:5)
  An orc warrior (D:7)
  2 ice beasts
  4 sky beasts
  A black bear (D:7)
  A centaur (D:7)
  2 ogres
  2 bullfrogs
  A water moccasin zombie (D:8)
  4 killer bees (D:7)
  3 howler monkeys
  2 crimson imps
  A bullfrog zombie (D:7)
  A hound (D:7)
  4 jellies
  A centaur skeleton (D:8)
  2 orc priests
  3 orc wizards (D:6)
  An iguana (D:5)
  7 worker ants
  A killer bee zombie (D:8)
  2 worker ant zombies
  3 gnolls (D:6)
  11 adders
  2 shadow imps
  A white imp (D:5)
  An ooze (D:2)
  A worm (D:2)
  2 dart slugs
  6 leopard geckos
  4 orcs
  6 bats
  8 giant cockroaches
  5 goblins
  5 hobgoblins
  3 jackals (D:1)
  2 quokkas (D:3)
  3 frilled lizards
  A jackal skeleton (D:6)
  4 kobolds
  9 rats
128 creatures vanquished.

Vanquished Creatures (others)
  A fungus (D:8)
1 creature vanquished.

Grand Total: 129 creatures vanquished

Notes
Turn   | Place    | Note
-------+----------+-------------------------------------------
     0 | D:1      | Amnesiac the Mummy Necromancer began the quest for the Orb.
     0 | D:1      | Reached XP level 1. HP: 13/13 MP: 4/4
    52 | D:1      | Found a deep blue altar of Sif Muna.
   113 | D:1      | Became a worshipper of Sif Muna the Loreminder
   210 | D:1      | Reached XP level 2. HP: 15/19 MP: 0/6
  1215 | D:2      | Reached XP level 3. HP: 5/24 MP: 7/7
  1220 | D:2      | Learned a level 3 spell: Vampiric Draining
  1453 | D:2      | Reached skill level 5 in Necromancy
  1494 | D:2      | Reached XP level 4. HP: 22/30 MP: 5/9
  1514 | D:2      | Found a white marble altar of Elyvilon.
  1595 | D:2      | Reached * piety under Sif Muna
  2105 | D:3      | Noticed a sky beast
  2128 | D:2      | Killed a sky beast
  2128 | D:2      | Reached XP level 5. HP: 32/35 MP: 0/11
  2852 | D:4      | Reached skill level 6 in Necromancy
  2990 | D:4      | Reached XP level 6. HP: 30/41 MP: 3/13
  3173 | D:5      | Entered Level 5 of the Dungeon
  3186 | D:5      | Reached skill level 5 in Spellcasting
  3280 | D:5      | Noticed an ice beast
  3296 | D:5      | Killed an ice beast
  3309 | D:5      | Reached skill level 7 in Necromancy
  3711 | D:6      | Reached ** piety under Sif Muna
  3711 | D:6      | Reached XP level 7. HP: 30/46 MP: 15/15
  4074 | D:5      | Found a staircase to the Ecumenical Temple.
  4074 | D:5      | Noticed Menkaure
  4093 | D:5      | Killed Menkaure
  4093 | D:5      | Reached skill level 8 in Necromancy
  4383 | D:6      | Reached XP level 8. HP: 40/52 MP: 8/18
  4711 | D:6      | Learned a level 2 spell: Blink
  4715 | D:6      | Learned a level 3 spell: Conjure Flame
  4718 | D:6      | Learned a level 2 spell: Call Imp
  4875 | D:7      | Noticed a hippogriff
  4885 | D:7      | Reached skill level 9 in Necromancy
  4898 | D:7      | Killed a hippogriff
  4898 | D:7      | Reached *** piety under Sif Muna
  5155 | D:7      | Reached skill level 10 in Necromancy
  5407 | D:7      | Reached XP level 9. HP: 48/57 MP: 14/21
  5829 | D:8      | Reached skill level 1 in Invocations
  5923 | D:8      | Noticed a two-headed ogre
  6137 | D:8      | Found a staircase to the Lair.
  6180 | D:8      | Reached **** piety under Sif Muna
  6442 | D:8      | Reached skill level 11 in Necromancy
  6553 | D:8      | Found an ancient bone altar of Kikubaaqudgha.
  6553 | D:8      | Found a stormy altar of Qazlal.
  6583 | D:8      | Noticed a green ugly thing
  6606 | D:8      | Killed a green ugly thing
  6622 | D:8      | Noticed a cyan ugly thing
  6672 | D:8      | Killed a green ugly thing
  6706 | D:8      | Noticed a centaur warrior
  6741 | D:8      | Slain by a centaur warrior

Vault maps used:
D:1:      evilmike_arrival_hilbert_curve, kennysheep_flooded_box
D:2:      old_standard_altar, first_ration, kennysheep_generic_room_8
D:5:      minmay_temple_entry_crystal_x, kennysheep_generic_room_16,
          uniq_menkaure
D:7:      moated_statue
D:8:      kennysheep_steamy, lair_entry_dummy, jmf_multi_god_temple

Skill      XL: |  1  2  3  4  5  6  7  8  9 |
---------------+----------------------------+-----
Spellcasting   | 3 4 5 7 8 9 |  9.7
Necromancy     | 5 6 7 8 10 11 | 11.6
Invocations    | 3 |  3.3
Dodging        | |  1.5
Stealth        | |  1.5

Action                   |  1- 3 |  4- 6 |  7- 9 || total
-------------------------+-------+-------+-------++-------
Melee: Unarmed           |    14 |       |       ||    14
 Fire: Hunting sling     |    87 |   237 |   375 ||   699
 Cast: Pain              |    17 |       |       ||    17
       Vampiric Draining |     4 |    14 |    80 ||    98
       Conjure Flame     |       |       |     1 ||     1
       Call Imp          |       |       |     1 ||     1
Invok: Divine Energy     |       |     1 |       ||     1
Evoke: Wand              |       |     1 |     8 ||     9
  Use: Scroll            |       |       |    10 ||    10
Armor: Robe              |     5 |       |       ||     5
       Ring mail         |     6 |    72 |   169 ||   247
Dodge: Dodged            |    36 |    81 |   184 ||   301

Table legend:
 A = Spawn XP
 B = Non-spawn XP
 C = Spawn XP percentage of total XP
 D = Spawn monster count
 E = Non-spawn monster count
 F = Spawn count percentage of total count
 G = Total turns spent on level
                    A         B        C        D         E        F      G
               +---------+---------+-------+---------+---------+-------+---------
         Total |       0 |    5158 |   0.0 |       0 |     128 |   0.0 |  6741
               +---------+---------+-------+---------+---------+-------+---------
           D:1 |       0 |      33 |   0.0 |       0 |      18 |   0.0 |  1093
           D:2 |       0 |     220 |   0.0 |       0 |      24 |   0.0 |  1041
           D:3 |       0 |      12 |   0.0 |       0 |       8 |   0.0 |   609
           D:4 |       0 |     129 |   0.0 |       0 |       5 |   0.0 |   430
           D:5 |       0 |     658 |   0.0 |       0 |      16 |   0.0 |   732
           D:6 |       0 |     563 |   0.0 |       0 |      16 |   0.0 |  1087
           D:7 |       0 |    1460 |   0.0 |       0 |      24 |   0.0 |   733
           D:8 |       0 |    2083 |   0.0 |       0 |      17 |   0.0 |  1016
               +---------+---------+-------+---------+---------+-------+---------
